 Dungeon Crawl Stone Soup version 0.30-a0-719-gcc4359ea44 (console) character file.

Game seed: 10574665171935811963

2295229 Banquo the Hoplite (level 27, 228/228 HPs)
             Began as a Djinni Earth Elementalist on Jan 26, 2023.
             Was a High Priest of Ashenzari.
             Escaped with the Orb
             ... and 4 runes on Jan 29, 2023!
             The game lasted 08:29:43 (73507 turns).

Banquo the Hoplite (Djinni Earth Elementalist)     Turns: 73507, Time: 08:29:43

Health: 228/228    AC: 21    Str:  4    XL:     27
Gold:   10037      EV: 25    Int: 35    God:    Ashenzari [*****.] SH: 33 Dex: 16

rFire   + + .      SeeInvis +    a - +11 Singing Sword {sonic wave}
rCold   + + .      Faith    .    i - +8 tower shield "Paranoia of Ashenzari" {Evo, Melee} (curse)
rNeg    . . .      Spirit   +    d - +4 moon troll leather armour {Spirit, Regen++ MP+5, Self, Fort} (curse)
rPois   ∞          Reflect  .    h - +0 helmet "Lashed Regret" {Int+3, Self, Cun} (curse)
rElec   +          Harm     .    e - +2 cloak "Elysian Ordeal" {Str+2 Int+3, Fort, Self} (curse)
rCorr   +          Rampage  .    g - +1 pair of gloves of the Esoteric Comet {Self, Fort} (curse)
Will    +++..      Clarity  +    (boots unavailable)
Stlth   +++                      f - amulet "Profound Fortune-Teller" {RegenMP Contam rPois Regen+ rCorr, Self, Cun} (curse)
HPRegen 2.98/turn                E - ring "Sublime Stickiness" {rElec Slay+4, Self, Cun} (curse)
MPRegen 0.00/turn                C - ring "Gnostic Gnosis" {Fly rC+++ Will+ Str-5, Cun, Fort} (curse)

@: flying, studying Short Blades
A: sickness immunity, fire resistance 2, cold vulnerability 1, float, innate
caster, HP casting, extra vitality 1
0: Orb of Zot
}: 4/15 runes: decaying, serpentine, slimy, silver
a: Renounce Religion, Curse Item, Shatter the Chains


You escaped.
You worshipped Ashenzari.
Ashenzari was extremely pleased with you.
You visited 12 branches of the dungeon, and saw 56 of its levels.
You also visited: Trove, Ice Cave and Volcano.

You collected 11823 gold pieces.
You spent 1786 gold pieces at shops.

Inventory:

Hand Weapons
 a - the +11 Singing Sword (weapon) {sonic wave}
   (You found it on level 4 of the Dungeon)
Missiles
 n - 28 boomerangs
 R - 4 boomerangs of dispersal
Armour
 d - the cursed +4 moon troll leather armour (worn) {Spirit, Regen++ MP+5, Self, Fort}
   (You found it in a treasure trove)

   MP:        It affects your magic capacity (+5).
   Regen:     It increases your rate of health regeneration.
   It has a curse which improves the following skills: Introspection: Fighting
   and Spellcasting.
   Fortitude: Armour and Shields.
 e - the cursed +2 cloak "Elysian Ordeal" (worn) {Str+2 Int+3, Fort, Self}
   (You found it on level 2 of the Snake Pit)

   Str:       It affects your strength (+2).
   Int:       It affects your intelligence (+3).
   It has a curse which improves the following skills: Fortitude: Armour and
   Shields.
   Introspection: Fighting and Spellcasting.
 g - the cursed +1 pair of gloves of the Esoteric Comet (worn) {Self, Fort}
   (You found it on level 4 of the Lair of Beasts)

   It has a curse which improves the following skills: Introspection: Fighting
   and Spellcasting.
   Fortitude: Armour and Shields.
 h - the cursed +0 helmet "Lashed Regret" (worn) {Int+3, Self, Cun}
   (You found it on level 4 of the Dungeon)

   Int:       It affects your intelligence (+3).
   It has a curse which improves the following skills: Introspection: Fighting
   and Spellcasting.
   Cunning:   Dodging and Stealth.
 i - the cursed +8 tower shield "Paranoia of Ashenzari" (worn) {Evo, Melee}
   (You took it off a vault warden on level 4 of the Vaults)

   It has a curse which improves the following skills: Evocations: Evocations.
   Melee Combat: Short Blades, Long Blades, Axes, Maces & Flails, Polearms,
   Staves and Unarmed Combat.
 j - the +5 kite shield of Action {rF+ Stlth+}
   (You found it on level 1 of the Snake Pit)

   rF:        It protects you from fire.
   Stlth:     It makes you more stealthy.
Magical Staves
 b - a staff of cold
Jewellery
 c - a +5 ring of evasion
 f - the cursed amulet "Profound Fortune-Teller" (around neck) {RegenMP Contam rPois Regen+ rCorr, Self, Cun}
   (You took it off a deep elf demonologist on level 1 of the Depths)

   [amulet of magic regeneration]

   It increases your rate of magic regeneration.
   rPois:     It protects you from poison.
   Contam:    It causes magical contamination when unequipped.
   Regen:     It increases your rate of health regeneration.
   rCorr:     It protects you from acid and corrosion.
   It has a curse which improves the following skills: Introspection: Fighting
   and Spellcasting.
   Cunning:   Dodging and Stealth.
 z - a ring of wizardry
 C - the cursed ring "Gnostic Gnosis" (right hand) {Fly rC+++ Will+ Str-5, Cun, Fort}
   (You took it off a deep elf high priest on level 5 of the Vaults)

   [ring of willpower]

   Str:       It affects your strength (-5).
   rC:        It renders you almost immune to cold.
   Fly:       It grants you flight.
   Will:      It increases your willpower.
   It has a curse which improves the following skills: Cunning: Dodging and
   Stealth.
   Fortitude: Armour and Shields.
 E - the cursed ring "Sublime Stickiness" (left hand) {rElec Slay+4, Self, Cun}
   (You found it on level 2 of the Depths)

   [ring of slaying]

   Slay:      It affects your accuracy & damage with ranged weapons and melee
   (+4).
   rElec:     It insulates you from electricity.
   It has a curse which improves the following skills: Introspection: Fighting
   and Spellcasting.
   Cunning:   Dodging and Stealth.
 I - a ring of positive energy
Wands
 y - a wand of polymorph (8)
 D - a wand of digging (24)
 L - a wand of roots (76)
 Q - a wand of quicksilver (71)
 T - a wand of mindburst (40)
Scrolls
 k - 9 scrolls of noise
 m - 4 scrolls of magic mapping
 p - 38 scrolls of teleportation
 r - 4 scrolls of enchant armour
 s - 11 scrolls of blinking
 v - 9 scrolls of fog
 F - 3 scrolls of enchant weapon
 G - 9 scrolls of poison
 H - a scroll of brand weapon
 K - 14 scrolls of fear
 X - 7 scrolls of summoning
Potions
 l - 8 potions of ambrosia
 o - 11 potions of mutation
 q - 26 potions of curing
 t - 8 potions of berserk rage
 u - 2 potions of haste
 x - 9 potions of resistance
 B - 14 potions of heal wounds
 J - 6 potions of cancellation
 M - 3 potions of invisibility
 N - 9 potions of brilliance
 V - 13 potions of might
Miscellaneous
 w - a lightning rod (4/4)
 A - a box of beasts
 W - a phantom mirror


   Skills:
 - Level 20.0(27) Fighting
 - Level 17.8(20.0) Long Blades
 - Level 18.8(24.0) Armour
 + Level 21.9(26.9) Dodging
 - Level 13.5(18.9) Stealth
 - Level 21.9(27) Shields
 - Level 20.0(27) Spellcasting
 - Level 15.0(17.2) Evocations


You had one spell level left.
You knew the following spells:

 Your Spells              Type           Power      Damage    Failure   Level
a - Sandblast             Erth           100%       2d20      0%          1
c - Stone Arrow           Conj/Erth      100%       3d13      0%          3
d - Petrify               Tmut/Erth      100%       N/A       0%          4
g - Gell's Gravitas       Tloc           100%       N/A       0%          3
h - Summon Hydra          Summ           62%        N/A       0%          7
i - Call Imp              Summ           100%       N/A       0%          2
l - Lee's Rapid Deconstr  Erth           62%        3d29*     0%          5
m - Iskenderun's Mystic   Conj/Tloc      100%       2d19      0%          4
p - Poisonous Vapours     Pois/Air       100%       N/A       0%          2
r - Magic Dart            Conj           100%       1d8       0%          1
s - Fire Storm            Conj/Fire      62%        8d16      1%          9
w - Passwall              Tmut/Erth      100%       N/A       0%          2
z - Ozocubu's Refrigerat  Ice            62%        4d21      0%          7
B - Storm Form            Tmut/Air       62%        N/A       0%          7
D - Death's Door          Necr           62%        N/A       1%          9
M - Statue Form           Tmut/Erth      83%        N/A       0%          6
N - Dragon Form           Tmut           62%        N/A       0%          7
Your spell library was empty.

Dungeon Overview and Level Annotations

Branches:
Dungeon (15/15)            Temple (1/1) D:4            Lair (5/5) D:8
  Swamp (4/4) Lair:3        Snake (4/4) Lair:3        Slime (5/5) Lair:4
    Orc (2/2) D:10            Elf (3/3) Orc:2        Vaults (5/5) D:14
  Crypt (3/3) Vaults:3       Tomb (0/3) Crypt:3      Depths (4/4) D:15
    Zot (5/5) Depths:4      IceCv (visited)         Volcano (visited)

Altars:
Ashenzari
Cheibriados
Dithmenos
Elyvilon
Fedhas
Gozag
Hepliaklqana
Makhleb
Nemelex Xobeh
Okawaru
Qazlal
Ru
Trog
Uskayaw
Wu Jian
Xom
Yredelemnul
Zin
The Shining One

Shops:
D:2 [   D:3 :   D:9 *   D:11 (   Orc:1 [   Orc:2 ([(?   Elf:1 :=:   Elf:2 (
Elf:3 (!   Snake:2 (:*:   Vaults:3 :   Depths:2 :

Portals:
Hell: Depths:1 Depths:2 Depths:3 Depths:4
Abyss: Depths:2 Depths:3
Pandemonium: Depths:2
Ziggurat: Depths:4

Annotations:
Elf:2 3 runed translucent doors
Zot:3 2 transporters


Innate Abilities, Weirdness & Mutations

You are immune to sickness and miasma.
You are immune to poison.
Your flesh is very heat resistant. (rF++)
You are vulnerable to cold. (rC-)
You float through the air rather than walking.
You learn spells naturally, not from books.
Your magical power is your life essence.
You have superior vitality. (+4 MHP)


Message History

A raging storm of fire appears!
The great blast of fire engulfs the Orb Guardian!!!
You kill the Orb Guardian!
(D) Dungeon (T) Temple (L) Lair (S) Swamp (P) Snake Pit (M) Slime Pits (O) Orcish Mines (E) Elven Halls (V) Vaults (C) Crypt (W) Tomb (U) Depths (H) Hell (Z) Zot
Where to? (* - list waypoints, Enter - D:1, ? - help)
There is a stone staircase leading up here.
You fly upwards.
HP restored.
There is a stone staircase leading down here.
There is a stone staircase leading down here.
There is a stone staircase leading up here.
You fly upwards.
There is a stone staircase leading down here.
Aiming: Dig
Press: ? - help, Shift-Dir - straight line A rock wall.
This square is covered in magical glow.
The rock shatters into small pieces.
You hear a grinding noise.
You hear a grinding noise.
Aiming: Dig
Press: ? - help, Shift-Dir - straight line A rock wall.
This square is covered in magical glow.
The rock shatters into small pieces.
You hear a grinding noise.
You hear a grinding noise.
You hear a grinding noise.
You hear a grinding noise.
You hear a grinding noise.
You hear a grinding noise.
You hear a grinding noise.
You hear a grinding noise.
You hear a grinding noise.
You hear a grinding noise.
There is a staircase leading out of the dungeon here.
Enter note: Woot!
You have escaped!

#.####..# ########.###..# #
#.# #..# #.............# #
..# #..###.#.##..####.## #
###
#..)..............##########
#...(.....§......# #........
#........≈≈≈.....# #.#######
######.##......§......###.#
.......##..............##.#
######.##§§§...≈@..≈......#
# #.##§≈≈≈.≈≈≈.≈≈≈.###.# #
#.##§§§..>≈...≈..# #.# #
#.##.............###.# #
#.##§.....§§......##.# ##
#.##.....§§§§......#.# #.
#........§≈.§........# ##.
####..............########..
#######..................


There were no monsters in sight!

Vanquished Creatures
  the Royal Jelly (Slime:5)
  10 dread liches
  Tiamat (Zot:5)
  Mara (Elf:3)
  2 orbs of fire (Zot:5)
  6 ancient liches
  A pandemonium lord (Zot:5)
  Boris (Depths:4)
  Bai Suzhen (Vaults:2)
  A shard shrike (IceCv)
  2 Killer Klowns (Zot:5)
  Saint Roka (Elf:3)
  Vashnia (Snake:4)
  Xtahua (Vaults:4)
  2 caustic shrikes (Depths:2)
  A curse toe (Crypt:3)
  7 golden dragons
  3 bone dragons
  3 electric golems
  3 doom hounds (Zot:2)
  A Hell Sentinel (Zot:1)
  15 tentacled monstrosities
  Jorgrun (Swamp:3)
  Grunn (Zot:2)
  6 liches
  Mlioglotl (Swamp:1)
  25 Orb Guardians
  8 titans
  A deep elf master archer (Elf:3)
  4 deep elf blademasters (Elf:3)
  5 quicksilver dragons
  13 death cobs
  2 walking frostbound tomes
  8 ancient champions
  6 sphinxes
  Gastronok (Orc:1)
  24 acid blobs
  3 shadow dragons
  5 tengu reavers
  5 thorn hunters
  8 rockslimes
  8 storm dragons
  6 fenstrider witches
  A revenant (Crypt:2)
  5 nagarajas
  11 fire giants
  4 draconian monks
  11 azure jellies
  Donald (Elf:2)
  9 deep elf sorcerers
  4 draconian knights
  10 draconian scorchers
  A balrug (Depths:2)
  2 iron dragons
  A frost giant (Vaults:5)
  21 vault wardens
  6 draconian stormcallers
  Louise (D:15)
  A shard shrike simulacrum (Crypt:3)
  4 curse skulls
  2 orc warlords
  8 ghost moths
  33 very ugly things
  5 deep elf elementalists (Elf:3)
  7 ghouls
  A caustic shrike skeleton (Crypt:1)
  5 draconian shifters
  2 reapers
  2 war gargoyles
  20 ironbound preservers
  6 draconian annihilators
  17 quicksilver oozes
  6 green draconians
  13 ironbound thunderhulks
  17 stone giants
  7 vampire knights
  14 black draconians
  4 eleionomae
  11 deep elf demonologists
  13 purple draconians
  9 dire elephants
  15 red draconians
  9 deep elf annihilators
  4 bunyips
  14 spark wasps
  13 yellow draconians
  8 white draconians
  6 eidola
  13 ettins
  The ghost of TimeIsEndless the Blocker, a journeyman FoFi of Ru (D:12)
  6 deep elf death magi
  The ghost of hofbold the Frost Mage, a journeyman HuIE of Vehumet (D:10)
  A green death (Swamp:4)
  10 fire dragons
  14 jiangshi
  2 crystal guardians (Vaults:2)
  6 entropy weavers
  A shambling mangrove (Swamp:4)
  10 great orbs of eyes
  12 ice dragons
  6 rakshasas
  A salamander tyrant (Snake:4)
  The ghost of semem the Carver, a journeyman TeFi of the Shining One (D:11)
  9 deep elf high priests
  The ghost of chipmonk the Cleaver, a journeyman MiBe of Trog (D:11)
  14 yaktaur captains
  2 peacekeepers (Vaults:2)
  16 hydras
  4 ogre magi
  A hell beast (D:4)
  A spriggan skeleton (Crypt:1)
  14 ironbound frosthearts
  4 spriggan air magi
  38 vault guards
  A death knight (Crypt:2)
  4 catoblepae (Lair:5)
  26 two-headed ogres
  15 anacondas
  18 centaur warriors
  14 dancing weapons
  3 deep troll shamans
  8 death yaks (Lair:5)
  4 boulder beetles
  The ghost of Opifex the Cleaver, a novice MiFi of Ashenzari (D:8)
  8 alligators
  3 tengu warriors
  10 vampire magi
  Urug (Lair:1)
  12 naga sharpshooters
  4 spriggan berserkers
  14 naga warriors
  A quicksilver ooze zombie (Crypt:3)
  6 deep troll earth magi
  7 orc high priests
  5 shock serpents
  3 sun demons
  35 hell knights
  Sonja (D:10)
  9 deep elf knights
  2 shadow wraiths (Crypt:2)
  A fire crab (shapeshifter) (Elf:3)
  4 soul eaters
  2 glowing orange brains
  7 spriggans
  A salamander mystic (Snake:4)
  A death drake (shapeshifter) (Depths:2)
  A goliath frog (Swamp:1)
  4 shadow demons
  3 iron trolls
  5 swamp dragons
  46 deep trolls
  A cherub (Zot:1)
  4 flayed ghosts
  8 spriggan druids
  21 skeletal warriors
  9 bog bodies
  2 bunyip skeletons
  145 slime creatures
  7 naga ritualists
  A death drake (Swamp:4)
  8 lindwurms
  12 wizards
  9 phantasmal warriors
  2 harpies (shapeshifter)
  An orange crystal statue (IceCv)
  11 deep elf archers
  13 necromancers
  A harpy (Vaults:1)
  23 ironbound convokers
  Pikel (D:8)
  An anaconda skeleton (Crypt:1)
  26 deep elf pyromancers
  4 orc sorcerers
  23 deep elf zephyrmancers
  12 orc knights
  65 ugly things
  10 salamanders
  9 shining eyes
  A goliath frog zombie (Crypt:3)
  An oklob plant (Orc:1)
  3 manticores
  8 cyclopes
  9 will-o-the-wisps
  A shadow dragon skeleton (Crypt:3)
  A manticore (shapeshifter) (Vaults:4)
  21 moths of wrath
  6 elephants (Lair:3)
  34 black mambas
  Maurice (D:10)
  17 vault sentinels
  An elephant (shapeshifter) (Depths:3)
  A rust devil (Depths:2)
  A smoke demon (Zot:5)
  A frost giant skeleton (Crypt:3)
  4 guardian serpents
  13 naga magi
  2 torpor snails
  2 eyes of devastation
  An unseen horror (D:10)
  An orange demon (Swamp:4)
  6 cane toads
  4 kobold demonologists
  A naga skeleton (Crypt:1)
  5 komodo dragons
  43 yaktaurs
  23 rime drakes
  8 freezing wraiths
  2 dire elephant skeletons
  7 guardian mummies
  An ice devil (Zot:5)
  4 tengu conjurers
  2 polar bears (shapeshifter) (Elf:1)
  A minotaur skeleton (Crypt:1)
  20 polar bears
  6 trolls
  2 harpy zombies
  A mana viper skeleton (Crypt:1)
  An unseen horror skeleton (Crypt:1)
  A shadow dragon simulacrum (Crypt:1)
  3 bloated husks
  2 hellwings (Swamp:4)
  Prince Ribbit (D:5)
  2 hornets (shapeshifter)
  9 tyrant leeches
  A harpy skeleton (Crypt:3)
  12 hornets
  10 dream sheep
  13 blink frogs
  7 flying skulls
  3 centaur simulacra
  An ice dragon skeleton (Crypt:1)
  A black mamba zombie (Crypt:1)
  2 jumping spiders
  A vampire (D:10)
  9 wyverns
  4 air elementals
  45 yaks
  7 water elementals
  9 wraiths
  7 fire elementals
  A tyrant leech zombie (Crypt:3)
  11 steam dragons
  A catoblepas simulacrum (Crypt:1)
  A naga simulacrum (Crypt:1)
  8 golden eyes
  2 neqoxecs (Swamp:4)
  4 chaos spawn
  10 wargs
  8 redbacks
  12 vampire mosquitoes
  3 basilisks
  15 swamp worms
  Menkaure (D:4)
  A demonspawn zombie (Crypt:1)
  2 faun zombies (Crypt:2)
  A harpy simulacrum (Crypt:3)
  A naga zombie (Crypt:1)
  22 nagas
  15 water moccasins
  4 hell hounds (Volcano)
  2 floating eyes
  A black bear (D:6)
  34 orc warriors
  4 sky beasts
  2 boggarts (Depths:1)
  13 ogres
  11 wolves
  A swamp dragon skeleton (Crypt:1)
  A centaur (D:10)
  A phantom (D:7)
  3 kobold brigands
  6 necrophages
  A salamander skeleton (Crypt:3)
  11 bullfrogs
  A gnoll sergeant (D:10)
  7 scorpions
  6 earth elementals
  4 wights (D:9)
  A shapeshifter zombie (Crypt:3)
  A warg skeleton (Crypt:2)
  8 killer bees
  12 electric eels
  2 human zombies (Crypt:1)
  6 jellies
  34 orc priests
  Crazy Yiuf (D:3)
  A centaur skeleton (Crypt:2)
  6 hounds
  A human skeleton (Crypt:1)
  A gnoll bouda (D:7)
  4 iguanas
  22 orc wizards
  A basilisk skeleton (Crypt:1)
  11 hell rats
  An acid dragon zombie (Crypt:2)
  An acid dragon skeleton (Crypt:2)
  A deep dwarf skeleton (Crypt:1)
  3 mummies (Crypt:1)
  A howler monkey zombie (Crypt:1)
  12 gnolls
  11 adders
  A swamp drake skeleton (Crypt:3)
  2 shadow imps (D:6)
  6 white imps
  An ufetubus (D:6)
  6 dart slugs
  98 orcs
  5 ball pythons
  2 endoplasms (D:4)
  7 giant cockroaches
  6 goblins
  7 hobgoblins
  11 jackals
  21 kobolds
  3 quokkas
  11 bats
  3 frilled lizards
  A frilled lizard skeleton (Crypt:1)
  7 rats
  18 briar patches (Swamp:4)
  2 butterflies (D:6)
  38 fire vortices
2525 creatures vanquished.

Vanquished Creatures (collateral kills)
  2 juggernauts (Depths:2)
  A caustic shrike (Depths:2)
  A lich (Depths:1)
  3 tentacled monstrosities
  An Orb Guardian (Zot:5)
  A walking frostbound tome (Depths:4)
  A walking divine tome (Depths:2)
  2 acid blobs (Slime:3)
  2 tengu reavers
  2 death cobs
  2 shadow dragons
  A storm dragon (Zot:5)
  A rockslime (Slime:5)
  An azure jelly (Slime:1)
  A draconian scorcher (Zot:5)
  A frost giant (Depths:1)
  An iron dragon (Depths:2)
  A draconian shifter (Zot:2)
  A ghoul (Crypt:2)
  5 very ugly things
  3 vampire knights
  A red draconian (Zot:5)
  2 black draconians
  A yellow draconian (Zot:2)
  A purple draconian (Zot:3)
  A jiangshi (Crypt:1)
  A vampire mage (Crypt:2)
  4 hell knights (Depths:3)
  4 iron trolls (Depths:4)
  2 deep trolls (Depths:4)
  A phantasmal warrior (Crypt:2)
  3 ugly things
  2 moths of wrath (Zot:2)
  A guardian mummy (Crypt:3)
  4 slime creatures
  A wraith (Crypt:2)
  A golden eye (Slime:4)
  A dart slug zombie (Crypt:2)
65 creatures vanquished.

Vanquished Creatures (others)
  A wizard (D:8)
  A bloated husk (Swamp:3)
  A bush (Lair:5)
  353 fire vortices
  8 foxfires
  42 fungi
  99 plants
  6 withered plants (D:11)
511 creatures vanquished.

Grand Total: 3101 creatures vanquished

Notes
Turn   | Place    | Note
-------+----------+-------------------------------------------
     0 | D:1      | Banquo the Djinni Earth Elementalist began the quest for
                  | the Orb.
     0 | D:1      | Banquo set off with the following spells memorised:
                  | Sandblast, Passwall, Stone Arrow, Petrify.
     0 | D:1      | Reached XP level 1. HP: 15/15 MP: 0/0
   123 | D:1      | Reached XP level 2. HP: 20/22 MP: 0/0
   332 | D:1      | Reached skill level 1 in Fighting
   332 | D:1      | Reached XP level 3. HP: 19/27 MP: 0/0
   332 | D:1      | Learned a level 1 spell: Magic Dart
  1131 | D:2      | Found Wesa's Armour Shop.
  1301 | D:2      | Reached XP level 4. HP: 29/32 MP: 0/0
  1674 | D:3      | Found a runed translucent door.
  1675 | D:3      | Noticed Crazy Yiuf
  1737 | D:3      | Found a broken altar of Ashenzari.
  1753 | D:3      | Became a worshipper of Ashenzari the Shackled
  1835 | D:3      | Reached XP level 5. HP: 32/38 MP: 0/0
  1835 | D:3      | Learned a level 2 spell: Poisonous Vapours
  1915 | D:3      | Found a sparkling altar of Nemelex Xobeh.
  1982 | D:3      | Found Guypis's Book Emporium.
  2188 | D:3      | Found a snail-covered altar of Cheibriados.
  2499 | D:4      | Reached XP level 6. HP: 28/43 MP: 0/0
  2604 | D:4      | Identified the +0 helmet of Grot {Int+3}
  2941 | D:4      | Noticed Menkaure
  2999 | D:4      | Reached skill level 5 in Spellcasting
  2999 | D:4      | Reached XP level 7. HP: 43/49 MP: 0/0
  2999 | D:4      | Learned a level 2 spell: Call Imp
  3070 | D:4      | Identified the +5 mace of the Fray {freeze, Dex+3}
  3324 | D:4      | Killed Menkaure
  3402 | D:4      | Reached XP level 8. HP: 52/56 MP: 0/0
  3473 | D:4      | Found the +11 Singing Sword {sonic wave}
  3601 | D:4      | Found a staircase to the Ecumenical Temple.
  3610 | Temple   | Entered the Ecumenical Temple
  3870 | D:5      | Entered Level 5 of the Dungeon
  4158 | D:5      | Noticed Prince Ribbit
  4161 | D:5      | Killed Prince Ribbit
  4477 | D:5      | Reached skill level 1 in Long Blades
  4477 | D:5      | Reached skill level 1 in Shields
  4534 | D:6      | Reached * piety under Ashenzari
  4761 | D:6      | Found a runed translucent door.
  4783 | D:6      | Found a runed translucent door.
  4933 | D:6      | Reached XP level 9. HP: 61/62 MP: 0/0
  4933 | D:6      | Learned a level 3 spell: Gell's Gravitas
  5274 | D:7      | Found a glowing silver altar of Zin.
  5428 | D:7      | Reached ** piety under Ashenzari
  5656 | D:7      | Noticed a hornet
  5669 | D:7      | Found a shadowy altar of Dithmenos.
  6053 | D:7      | Reached skill level 5 in Fighting
  6367 | D:7      | Killed a hornet
  6522 | D:7      | Reached XP level 10. HP: 57/73 MP: 0/0
  6787 | D:8      | Found a staircase to the Lair.
  7053 | D:9      | Noticed a two-headed ogre
  7058 | D:9      | Killed a two-headed ogre
  7375 | D:8      | Found a runed translucent door.
  7376 | D:8      | Noticed a cyclops
  7376 | D:8      | Noticed Opifex's ghost (novice MiFi)
  7688 | D:8      | Found a bloodstained altar of Trog.
  7689 | D:8      | Noticed a wizard
  7694 | D:8      | Killed a wizard
  7695 | D:8      | Reached skill level 5 in Dodging
  7849 | D:9      | Noticed Pikel
  7854 | D:8      | Killed Pikel
  7997 | D:9      | Noticed a two-headed ogre
  8030 | D:9      | Killed a two-headed ogre
  8068 | D:9      | Found an ornate altar of the Wu Jian Council.
  8559 | D:9      | Found Fyomaist's Assorted Antiques.
  8589 | D:9      | Reached XP level 11. HP: 67/79 MP: 0/0
  8589 | D:9      | Learned a level 4 spell: Iskenderun's Mystic Blast
  8793 | D:9      | Reached *** piety under Ashenzari
  8803 | D:9      | Reached skill level 10 in Spellcasting
  9091 | Lair:1   | Entered Level 1 of the Lair of Beasts
  9192 | Lair:1   | Noticed Urug
  9210 | Lair:1   | Killed Urug
  9386 | Lair:1   | Reached skill level 5 in Long Blades
  9608 | Lair:1   | Reached skill level 1 in Armour
  9650 | Lair:1   | Reached XP level 12. HP: 88/89 MP: 0/0
 10028 | Lair:1   | Noticed a six-headed hydra
 10035 | Lair:1   | Killed a six-headed hydra
 10242 | Lair:2   | Identified Eggavat's Annotations on Phlogiston and the
                  | Excursion
 10380 | Lair:2   | Identified a scroll of acquirement
 10599 | Lair:2   | Noticed a five-headed hydra
 10608 | Lair:2   | Killed a five-headed hydra
 10988 | Lair:3   | Noticed a boulder beetle
 11000 | Lair:3   | Killed a boulder beetle
 11009 | Lair:3   | Found a dark tunnel.
 11011 | Volcano  | Entered a volcano
 11160 | Volcano  | Reached XP level 13. HP: 87/96 MP: 0/0
 11160 | Volcano  | Learned a level 5 spell: Lee's Rapid Deconstruction
 11276 | Lair:3   | Noticed a six-headed hydra
 11283 | Lair:3   | Killed a six-headed hydra
 11607 | Lair:3   | Identified the +1 ring mail of Cosufru {rCorr}
 11890 | Lair:3   | Found a staircase to the Swamp.
 12153 | Lair:3   | Found a staircase to the Snake Pit.
 12838 | Lair:4   | Noticed a seven-headed hydra
 12848 | Lair:4   | Killed a seven-headed hydra
 12872 | Lair:4   | Reached XP level 14. HP: 42/106 MP: 0/0
 13271 | Lair:4   | Found a staircase to the Slime Pits.
 13424 | Lair:4   | Identified the +2 spear of Grandeur {flame, Int+3 Stlth+}
 13903 | Lair:5   | Entered Level 5 of the Lair of Beasts
 14149 | Lair:5   | Reached skill level 10 in Fighting
 14386 | Lair:5   | Identified the +0 robe "Fergh" {rPois rN+++ Int+2 Dex-5}
 14745 | Lair:5   | Identified the +3 leather armour of the Trilobite {rF- rC-
                  | Will+++ Stlth+}
 15319 | Lair:5   | Identified the +0 pair of boots "Hewirof" {Dex+3}
 15347 | Lair:5   | Reached skill level 10 in Long Blades
 15347 | Lair:5   | Reached XP level 15. HP: 98/117 MP: 0/0
 15347 | Lair:5   | Learned a level 6 spell: Statue Form
 15910 | D:10     | Entered Level 10 of the Dungeon
 16232 | D:10     | Found a runed translucent gate.
 16233 | D:10     | Found a runed translucent gate.
 16234 | D:10     | Found a runed translucent gate.
 16235 | D:10     | Noticed hofbold's ghost (journeyman HuIE)
 16296 | D:10     | Noticed Maurice
 16299 | D:10     | Killed Maurice
 16313 | D:10     | Found a white marble altar of Elyvilon.
 16357 | D:10     | Found a staircase to the Orcish Mines.
 16722 | D:10     | Noticed Sonja
 16726 | D:10     | Killed Sonja
 17053 | D:10     | Killed hofbold's ghost
 17349 | D:11     | Found a runed translucent gate.
 17352 | D:11     | Found a runed translucent gate.
 17353 | D:11     | Found a runed translucent gate.
 17354 | D:11     | Noticed semem's ghost (journeyman TeFi)
 17354 | D:11     | Noticed chipmonk's ghost (journeyman MiBe)
 17544 | D:11     | Found Hauhaeg's Weapon Emporium.
 18270 | D:3      | Killed Crazy Yiuf
 18497 | D:8      | Killed Opifex's ghost
 19580 | D:12     | Found a transporter.
 19580 | D:12     | Noticed TimeIsEndless's ghost (journeyman FoFi)
 19580 | D:12     | Identified the +6 great mace of Callousness {drain, Int+3}
 19580 | D:12     | Identified the +5 great mace of the Final Decision {spect,
                  | *Corrode rC++ Dex+5}
 19581 | D:12     | Found a transporter.
 19581 | D:12     | Identified the ring of Dogma {rF+++ AC+4 Str+6 Int-3
                  | Stlth+}
 19673 | Orc:1    | Entered Level 1 of the Orcish Mines
 19969 | Orc:1    | Noticed Gastronok
 19977 | Orc:1    | Killed Gastronok
 20014 | Orc:1    | Found Wecwahig's Antique Armour Shoppe.
 20022 | Orc:1    | Bought a translucent leather armour for 168 gold pieces
 20022 | Orc:1    | Identified the +1 leather armour of Starshine {rElec} (You
                  | bought it in a shop on level 1 of the Orcish Mines)
 20323 | Orc:2    | Entered Level 2 of the Orcish Mines
 20710 | Orc:2    | Found a staircase to the Elven Halls.
 21220 | Orc:2    | Reached XP level 16. HP: 54/129 MP: 0/0
 21330 | Orc:2    | Reached **** piety under Ashenzari
 21411 | Orc:2    | Found Jekletz's Weapon Boutique.
 21411 | Orc:2    | Found Alaunt's Magic Scroll Boutique.
 21412 | Orc:2    | Found Siupicou's Antique Armour Shop.
 21412 | Orc:2    | Found Siocyclyt's Antique Weapon Boutique.
 21749 | Orc:2    | Bought a spiked ring mail for 378 gold pieces
 21749 | Orc:2    | Identified the +1 ring mail "Nuntul" {rC+} (You bought it
                  | in a shop on level 2 of the Orcish Mines)
 22571 | D:12     | Killed TimeIsEndless's ghost
 22598 | D:12     | Reached ***** piety under Ashenzari
 23404 | D:14     | Found a portal to a secret trove of treasure.
 24435 | D:14     | Found a gate to the Vaults.
 24534 | D:15     | Entered Level 15 of the Dungeon
 24905 | D:15     | Reached skill level 15 in Spellcasting
 25079 | D:15     | Noticed Louise
 25103 | D:15     | Killed Louise
 25104 | D:15     | Reached XP level 17. HP: 132/142 MP: 0/0
 25104 | D:15     | Learned a level 7 spell: Storm Form
 25193 | D:15     | Found a staircase to the Depths.
 25865 | Snake:1  | Entered Level 1 of the Snake Pit
 26529 | Snake:1  | Identified the +5 kite shield of Action {rF+ Stlth+}
 27119 | Snake:2  | Reached skill level 5 in Shields
 27132 | Snake:2  | Identified the +2 cloak "Earthly Heaven" {Str+2 Int+3}
 27176 | Snake:2  | Found a frozen archway.
 27223 | IceCv    | Entered an ice cave
 27300 | IceCv    | Reached skill level 15 in Fighting
 27562 | IceCv    | Identified the +1 pair of boots "Mealomaa" {rPois Will+
                  | Int+4}
 28099 | IceCv    | Noticed a shard shrike
 28103 | IceCv    | Killed a shard shrike
 28812 | Snake:2  | Reached XP level 18. HP: 109/153 MP: 0/0
 28858 | Snake:2  | Found Ahouria's Assorted Antiques.
 28858 | Snake:2  | Found Qosem's Book Shop.
 28860 | Snake:2  | Found Sug Kech's Book Boutique.
 28863 | Snake:2  | Found Yhalemnok's Weapon Shop.
 30295 | Snake:3  | Reached skill level 10 in Shields
 30972 | Snake:4  | Entered Level 4 of the Snake Pit
 30979 | Snake:4  | Identified the +2 falchion of Ukipn {vamp, Fragile rPois
                  | rN++ Dex+3}
 31497 | Snake:4  | Identified the +4 lajatang "Zeiriot" {venom, rCorr Str+5}
 31755 | Snake:4  | Noticed Vashnia
 31805 | Snake:4  | Killed Vashnia
 31891 | Snake:4  | Reached skill level 10 in Dodging
 31955 | Snake:4  | Got a serpentine rune of Zot
 32217 | D:8      | Acquired a manual of Spellcasting
 32310 | Swamp:1  | Entered Level 1 of the Swamp
 32364 | Swamp:1  | Reached XP level 19. HP: 150/158 MP: 0/0
 32364 | Swamp:1  | Learned a level 7 spell: Ozocubu's Refrigeration
 32670 | Swamp:1  | Noticed Mlioglotl
 32684 | Swamp:1  | Killed Mlioglotl
 33785 | Swamp:3  | Identified the +6 plate armour "Haupe" {Int+6}
 33801 | Swamp:3  | Noticed Jorgrun
 33805 | Swamp:3  | Killed Jorgrun
 34205 | Swamp:4  | Entered Level 4 of the Swamp
 34814 | Swamp:4  | Reached XP level 20. HP: 150/170 MP: 0/0
 35177 | Swamp:4  | Got a decaying rune of Zot
 35887 | Elf:1    | Entered Level 1 of the Elven Halls
 35974 | Elf:1    | Identified the +4 ring mail of Vexation {rElec MP+9}
 35981 | Elf:1    | Found Eruynuza's Book Emporium.
 35983 | Elf:1    | Found Eseinted's Jewellery Shop.
 35984 | Elf:1    | Found Yfreoqiz's Book Emporium.
 36319 | Elf:1    | Identified the +5 falchion "Talohet" {pain, Int+2}
 36398 | Elf:1    | Found a runed translucent gate.
 36398 | Elf:1    | Found a runed translucent gate.
 36398 | Elf:1    | Found a runed translucent gate.
 36398 | Elf:1    | Found a runed translucent gate.
 36398 | Elf:1    | Found a runed translucent gate.
 36400 | Elf:1    | Found a runed translucent gate.
 37164 | Elf:2    | Found Fiwilepp's Weapon Emporium.
 37354 | Elf:2    | Noticed Donald
 37357 | Elf:2    | Killed Donald
 37383 | Elf:2    | Found a runed translucent gate.
 37384 | Elf:2    | Found a runed translucent gate.
 37384 | Elf:2    | Found a runed translucent gate.
 37849 | Elf:3    | Entered Level 3 of the Elven Halls
 37976 | Elf:3    | Found Padoajo's Weapon Shop.
 38138 | Elf:3    | Found Zaik's Distillery.
 38142 | Elf:3    | Noticed Saint Roka
 38177 | Elf:3    | Reached XP level 21. HP: 170/180 MP: 0/0
 38177 | Elf:3    | Learned a level 7 spell: Summon Hydra
 38325 | Elf:3    | Reached skill level 1 in Evocations
 38348 | Elf:3    | Noticed Mara
 38352 | Elf:3    | Killed Mara
 38674 | Elf:3    | Killed Saint Roka
 39061 | Elf:3    | Reached skill level 5 in Evocations
 39092 | Elf:3    | Identified the +2 mace of an ossuary {drain, rPois}
 39121 | Elf:3    | Identified the +5 quarterstaff "Toib" {protect, Drain rC+
                  | rN+++ Str+3}
 39130 | Elf:3    | Identified the +6 ring mail of Ulinosk {Int+2}
 39187 | Elf:3    | Identified the +0 whip "Udicuv" {protect, Will+ MP+9 Int-2
                  | SInv}
 39565 | Elf:3    | Identified the Anthology of Assaults
 39566 | Elf:3    | Identified the Grimoire of Composition and the Squall
 39602 | Elf:3    | Identified the Guidebook on Leadership and Heat
 40392 | D:14     | You paid a toll of 8 potions of haste to enter a treasure
                  | trove
 40393 | Trove    | Entered a treasure trove
 40426 | Trove    | Found the +4 moon troll leather armour {Spirit, Regen++
                  | MP+5}
 40427 | Trove    | Identified the ring of Equivalence {Ice rPois Dex+4 Slay-2
                  | SInv}
 40710 | D:11     | Killed semem's ghost
 40716 | D:11     | Killed chipmonk's ghost
 40816 | Vaults:1 | Entered Level 1 of the Vaults
 40886 | Vaults:1 | Reached skill level 5 in Armour
 40947 | Vaults:1 | Reached XP level 22. HP: 52/189 MP: 0/0
 42035 | Vaults:1 | Reached skill level 15 in Shields
 42455 | Vaults:2 | Noticed Bai Suzhen
 42968 | Vaults:2 | Reached skill level 15 in Dodging
 43100 | Vaults:2 | Reached skill level 5 in Stealth
 43265 | Vaults:2 | Reached XP level 23. HP: 197/201 MP: 0/0
 43265 | Vaults:2 | Learned a level 7 spell: Dragon Form
 43644 | Vaults:3 | Found Fikauxt's Book Boutique.
 43922 | Vaults:3 | Found a staircase to the Crypt.
 43935 | Vaults:3 | Reached skill level 10 in Stealth
 45001 | Vaults:4 | Identified the +0 leather armour "Axzoe" {-Tele rF+ Dex+3
                  | SInv}
 45566 | Vaults:4 | Reached XP level 24. HP: 201/208 MP: 0/0
 46184 | Depths:1 | Entered Level 1 of the Depths
 46204 | Depths:1 | Found a gateway to Hell.
 46502 | Depths:1 | Identified the amulet "Qoka" {RegenMP Contam rPois Regen+
                  | rCorr}
 46526 | Depths:1 | Identified the Commentary on Summoning
 46532 | Depths:1 | Identified the Papyrus of Leadership
 46605 | Depths:1 | Acquired 1175 gold pieces
 47040 | Depths:2 | Found a one-way gate leading to the halls of Pandemonium.
 47078 | Depths:2 | Identified the ring "Noebakyo" {rElec Slay+4}
 47078 | Depths:2 | Found Zaloyxaff's Book Shop.
 47347 | Depths:2 | Noticed a juggernaut
 47361 | Depths:2 | Killed a juggernaut
 47471 | Depths:2 | Noticed a caustic shrike
 47483 | Depths:2 | Killed a caustic shrike
 47565 | Depths:2 | Noticed a caustic shrike
 47576 | Depths:2 | Killed a caustic shrike
 47595 | Depths:2 | Noticed a juggernaut
 47610 | Depths:2 | Noticed a caustic shrike
 47619 | Depths:2 | Killed a caustic shrike
 47620 | Depths:2 | Killed a juggernaut
 47818 | Depths:2 | Found a one-way gate to the infinite horrors of the Abyss.
 47845 | Depths:2 | Noticed a golden dragon
 47853 | Depths:2 | Killed a golden dragon
 48046 | Depths:2 | Reached XP level 25. HP: 206/214 MP: 0/0
 48046 | Depths:2 | Learned a level 9 spell: Death's Door
 49091 | D:8      | Identified the cursed +1 pair of gloves of the Esoteric
                  | Comet {Self, Fort} (You found it on level 4 of the Lair of
                  | Beasts)
 50077 | Depths:3 | Identified the +1 leather armour "Tasuegau" {rF+ Str+6}
 50541 | Depths:4 | Entered Level 4 of the Depths
 50548 | Depths:4 | Reached skill level 10 in Evocations
 50567 | Depths:4 | Noticed Boris
 50758 | Depths:4 | Killed Boris
 50804 | Depths:4 | Found a one-way gateway to a ziggurat.
 51093 | Depths:4 | Found a gate to the Realm of Zot.
 51146 | Depths:4 | Reached skill level 10 in Armour
 51153 | Depths:4 | Reached XP level 26. HP: 195/221 MP: 0/0
 52087 | Crypt:1  | Entered Level 1 of the Crypt
 52353 | Crypt:1  | Identified the +0 robe "Ceklew" {rC- Will++ rCorr Dex+3}
 54599 | Crypt:3  | Entered Level 3 of the Crypt
 54907 | Crypt:3  | Reached skill level 15 in Armour
 54948 | Crypt:3  | Identified the +10 dagger "Neotufas" {heavy, *Noise rC+
                  | rN+++ Will-}
 54949 | Crypt:3  | Noticed a curse toe
 54949 | Crypt:3  | Identified the +5 dire flail "Keonuts" {heavy, Dex+3}
 55648 | Slime:1  | Entered Level 1 of the Pits of Slime
 56092 | Vaults:5 | Entered Level 5 of the Vaults
 56092 | Vaults:5 | Noticed a dread lich
 56095 | Vaults:5 | Noticed an ancient lich
 56098 | Vaults:5 | Reached XP level 27. HP: 189/228 MP: 0/0
 56098 | Vaults:5 | Learned a level 9 spell: Fire Storm
 56099 | Vaults:5 | Noticed Xtahua
 56103 | Vaults:5 | Killed a dread lich
 56109 | Vaults:4 | Killed an ancient lich
 56927 | Vaults:2 | Killed Bai Suzhen
 57649 | Crypt:3  | Noticed a dread lich
 57676 | Crypt:3  | Identified the Codex of Frozen Fumes
 57922 | Crypt:3  | Found a staircase to the Tomb.
 57942 | Crypt:3  | Identified the Elucidation of Mighty Mortification
 58335 | Crypt:3  | Noticed a dread lich
 58335 | Crypt:3  | Noticed a dread lich
 58339 | Crypt:3  | Killed a dread lich
 58350 | Crypt:3  | Killed a dread lich
 58350 | Crypt:3  | Killed a dread lich
 58772 | D:8      | Acquired 594 gold pieces
 59151 | Vaults:5 | Noticed a dread lich
 59159 | Vaults:4 | Killed Xtahua
 59212 | Vaults:5 | Noticed an ancient lich
 59428 | Vaults:5 | Identified the +9 scimitar of Evisceration {flame, *Rage
                  | rElec Dex+6 Stlth-}
 59529 | Vaults:5 | Identified the +7 glaive "Hydraslayer" {drain, rN+ Will-
                  | rCorr}
 59572 | Vaults:5 | Killed an ancient lich
 59641 | Vaults:5 | Identified the ring of Wewurudu {rElec rN+ Int+3 Dex-3}
 59663 | Vaults:5 | Identified the +7 rapier "Biliagur" {flame, *Corrode +Blink
                  | Dex+4 Stlth+}
 59702 | Vaults:5 | Identified the +2 longbow of Bodily Harmony {heavy, +Blink
                  | rPois Stlth-}
 59707 | Vaults:5 | Identified the ring "Puuraila" {Fly rC+++ Will+ Str-5}
 60127 | Vaults:5 | Killed a dread lich
 62013 | Slime:2  | Paralysed by a floating eye for 3 turns
 63217 | Slime:5  | Entered Level 5 of the Pits of Slime
 63347 | Slime:5  | Reached skill level 15 in Long Blades
 63493 | Slime:5  | Noticed the Royal Jelly
 63497 | Slime:5  | Killed the Royal Jelly
 63736 | Slime:5  | Identified the +2 rapier of Zicomp {freeze, *Corrode rElec
                  | rC+ Dex+3}
 63737 | Slime:5  | Identified the +9 scimitar of the Ageless Beds {heavy,
                  | rElec rC+}
 63743 | Slime:5  | Identified the +11 gold dragon scales of Parts Unknown
                  | {-Tele Harm rPois rF+ rC+ Dex+3 SInv}
 63743 | Slime:5  | Identified the Precepts of Coarse Ectoplasm
 63775 | Slime:5  | Identified the ring "Runeah" {rC+ MP+9 Str+3 Dex+3}
 63808 | Slime:5  | Identified the +1 chain mail of Polish {*Slow rElec Regen+
                  | Int+6}
 63826 | Slime:5  | Got a slimy rune of Zot
 64830 | Vaults:5 | Found the +3 pair of seven-league boots {Rampage+∞}
 64844 | Vaults:5 | Got a silver rune of Zot
 66077 | Snake:2  | Bought a potion of mutation for 320 gold pieces
 66077 | Snake:2  | Bought a scroll of teleportation for 120 gold pieces
 66077 | Snake:2  | Bought a scroll of teleportation for 120 gold pieces
 66077 | Snake:2  | Bought a potion of berserk rage for 200 gold pieces
 66420 | Elf:3    | Bought a potion of ambrosia for 128 gold pieces
 66420 | Elf:3    | Bought 2 potions of curing for 96 gold pieces
 66420 | Elf:3    | Bought a potion of mutation for 128 gold pieces
 66420 | Elf:3    | Bought 2 potions of might for 128 gold pieces
 66706 | Zot:1    | Entered Level 1 of the Realm of Zot
 67789 | Zot:2    | Reached skill level 15 in Evocations
 68011 | Zot:2    | Noticed Grunn
 68014 | Zot:2    | Killed Grunn
 68975 | Zot:3    | Found a transporter.
 68976 | Zot:3    | Identified the ring "Gumah" {rF+ Slay+2}
 68976 | Zot:3    | Identified the ring "Rubimmef" {Ice Int+5 Dex+4}
 69098 | Zot:3    | Found a transporter.
 70627 | Zot:5    | Entered Level 5 of the Realm of Zot
 71274 | Zot:5    | Noticed a dread lich
 71276 | Zot:5    | Noticed a Killer Klown
 71278 | Zot:5    | Killed a Killer Klown
 71278 | Zot:5    | Killed a dread lich
 71281 | Zot:5    | Noticed a dread lich
 71285 | Zot:5    | Killed a dread lich
 71285 | Zot:5    | Noticed an orb of fire
 71292 | Zot:5    | Killed an orb of fire
 71305 | Zot:5    | Noticed a dread lich
 71308 | Zot:5    | Killed a dread lich
 71311 | Zot:5    | Noticed an ancient lich
 71313 | Zot:5    | Killed an ancient lich
 71322 | Zot:5    | Noticed a dread lich
 71325 | Zot:5    | Killed a dread lich
 71375 | Zot:5    | Noticed an ancient lich
 71377 | Zot:5    | Killed an ancient lich
 71377 | Zot:5    | Noticed an ancient lich
 71379 | Zot:5    | Noticed an orb of fire
 71380 | Zot:5    | Killed an ancient lich
 71384 | Zot:5    | Killed an orb of fire
 71384 | Zot:5    | Noticed an ancient lich
 71386 | Zot:5    | Killed an ancient lich
 71408 | Zot:5    | Noticed a Killer Klown
 71409 | Zot:5    | Killed a Killer Klown
 71431 | Zot:5    | Noticed a dread lich
 71434 | Zot:5    | Killed a dread lich
 71916 | Zot:5    | Found the +4 dragonskin cloak
 71916 | Zot:5    | Noticed Tiamat
 71923 | Zot:5    | Killed Tiamat
 73020 | Zot:5    | Got the Orb of Zot
 73042 | Zot:5    | Noticed Aqutzibb the pandemonium lord
 73046 | Zot:5    | Killed Aqutzibb the pandemonium lord
 73379 | D:7      | Noticed an ancient lich
 73506 | D:1      | Woot!
 73507 | D:$      | Escaped with the Orb!

Illustrated notes

#.####..# ########.###..# #
#.# #..# #.............# #
..# #..###.#.##..####.## #
###
#..)..............##########
#...(.....§......# #........
#........≈≈≈.....# #.#######
######.##.....§§......###.#
.......##..............##.#
######.##§§§§..≈@..≈......#
# #.##§§§≈.≈≈≈.≈≈≈.###.# #
#.##§.§..>≈...§..# #.# #
#.##§§...........###.# #
#.##......≈.......##.# ##
#.##.....≈≈§.......#.# #.
#.........≈..........# ##.
####..............########..
#######..................


Turn 73506 on D:1: Woot!

Levels and vault maps discovered:
D:1:      minmay_arrival_five_plusses, layout_loops_ring,
          chequers_serial_rivers_marsh
D:2:      layout_rooms, serial_shops, shop, kennysheep_small_spiral
D:3:      layout_basic, mainiacjoe_overflow_alcove_2,
          cheibrodos_ashenzari_chains, mainiacjoe_overflow_small_starburst,
          serial_shops, nicolae_shop_stone, minmay_bisected,
          uniq_crazy_yiuf_cottage
D:4:      old_forge, layout_rooms, minmay_temple_entry_purple_smoke,
          serial_bayou_lagoon_a, minmay_misc_feat_pillars, minmay_pentangle,
          uniq_menkaure
D:5:      layout_rooms, uniq_prince_ribbit1
D:6:      lemuel_insect_pit, layout_gridville
D:7:      layout_cave_pods, grunt_dithmenos_shadows, zin_academy,
          hangedman_decor_clover_reticule, minmay_fractal_squares_diagonal_5
D:8:      layout_basic, trog_wizard, lair_entry_dummy, ebering_ghost_inner_flame
D:9:      layout_basic, mainiacjoe_overflow_chevrons,
          mainiacjoe_overflow_cross_hatched, serial_shops, shop_statue,
          uniq_pikel
D:10:     minmay_octagon_keep, layout_basic, old_standard_altar,
          mainiacjoe_overflow_alcove_4, biasface_ghost_orc_armoury,
          kennysheep_minor_cross, st_stairs_2, uniq_sonja, uniq_maurice
D:11:     layout_roguey, serial_shops, shop, gammafunk_ghost_cemetery
D:12:     layout_rooms, gammafunk_ghost_smash
D:13:     layout_irregular_city
D:14:     layout_gridville, david_vaults_1, nicolae_trove_entry_columns,
          serial_bayou_pond_c
D:15:     hangedman_depths_entry_civil_slaughter, layout_basic,
          minmay_crystal_room, st_stairs_13, uniq_louise
Temple:   hellmonk_temple_forest_ring
Lair:1:   layout_regular_city, grunt_megastairs_4, uniq_urug
Lair:2:   layout_cellular_growth
Lair:3:   layout_regular_city, skrybe_swamp_entry_bodies,
          minmay_snake_entry_six_corridors, enter_volcano_2,
          nicolae_quartered_pool_medium, nzn_sisyphean_effort
Lair:4:   layout_roguey, nicolae_slime_entry_field_trip,
          bobbens_dragon_lair_wall
Lair:5:   evilmike_catoblepas_cave, layout_cave_pods, pdpol_lair_cavern_descent
Swamp:1:  layout_basic_swamp, serial_swamp_ruin, evilmike_swamp_ruin_house_6,
          evilmike_swamp_ruin_house_2, evilmike_swamp_ruin_house_4, swamp_pool1,
          uniq_mlioglotl
Swamp:2:  layout_basic_swamp, evilmike_swamp_ruin_rubble_2
Swamp:3:  layout_basic_swamp, evilmike_swamp_ruin_house_3,
          nicolae_swamp_super_fun_site, uniq_jorgrun
Swamp:4:  nzn_swamp_witches_coven, layout_basic_swamp
Snake:1:  layout_layer_cave
Snake:2:  layout_layer_cave, portal_ice_cave_entry_frozen_things,
          hangedman_snake_thin_pillar_pass, nicolae_snake_slithery_corners,
          minmay_shoptagon
Snake:3:  layout_onion_interference, eino_curves_03, lemuel_fruit_tree
Snake:4:  grunt_snake_rune_serpentine_throne, layout_concentric_octagons,
          drop_trap
Slime:1:  cheibrodos_slime_lost_civilization_10, layout_caves
Slime:2:  layout_caves, nicolae_slime_rock_hall_of_fame
Slime:3:  layout_caves
Slime:4:  nicolae_slime_infinislime, layout_caves
Slime:5
Orc:1:    layout_caves, serial_shops, nicolae_shop_hallway_stairs,
          mines3_lemuel, uniq_gastronok
Orc:2:    st_orc_pillars, layout_diamond_mine
Elf:1:    eino_elf_arrival_the_gate, layout_gridlike, orc_legates,
          grunt_megastairs_3, minmay_shop_grove
Elf:2:    nicolae_elf_blades_crystal_corner, layout_geoelf_octagon,
          serial_shops, nicolae_shop_bloodbath_and_beyond, uniq_donald
Elf:3:    minmay_elf_hall_not_hex, layout_geoelf_castle, serial_shops, shop,
          nicolae_shop_trees, basic_altar, uniq_mara, uniq_saint_roka
Vaults:1: nicolae_vaults_network_s, nicolae_vaults_little_squares_5,
          vaults_mumra_hex, nicolae_vaults_little_squares_2,
          dpeg_vaults_pockets_of_resistance, hangedman_vaults_corner_blocks,
          hangedman_vaults_stitches, ontoclasm_vaults_loading_screen,
          v_pattern_4, nicolae_vaults_network_square,
          ontoclasm_vaults_ring_square, vaults_dpeg_doors,
          layout_vaults_omnicross
Vaults:2: v_misc_12, v_rooms_5, grunt_vaults_twisty, v_misc_23,
          vaults_room_fours, hangedman_vaults_snaps,
          nicolae_vaults_little_squares_5, grunt_vaults_focal,
          ontoclasm_vaults_chip, nicolae_vaults_specimen_jars,
          layout_vaults_quadrants, serial_glass, uniq_bai_suzhen
Vaults:3: nicolae_vaults_puzzle_piece, vaults_room_stairs_pillars, v_misc_5,
          v_pattern_3, v_alt_pattern_1, v_misc_24, vaults_dpeg_hooks,
          ontoclasm_vaults_pinch, layout_vaults_big_room, serial_shops,
          nicolae_shop_behind_doors
Vaults:4: dpeg_vaults_monster_row, nicolae_vaults_twisting_passages,
          nicolae_vaults_what_the_h, ontoclasm_vaults_twist,
          ontoclasm_vaults_ring_square, hangedman_vaults_corner, v_rooms_5,
          hangedman_vaults_slither, vaults_room_hallway,
          nicolae_vaults_shelves_hall, ontoclasm_vaults_decontamination,
          v_misc_25, vaults_dpeg_encased_lava, layout_vaults_omnibox,
          serial_shops
Vaults:5: serial_shops, uniq_xtahua
Crypt:1:  layout_misc_corridors, grunt_crypt_arrival_guarded_gate
Crypt:2:  layout_misc_corridors, nicolae_crypt_crumbling_hall,
          lemuel_upstairs_altar, lemuel_elevator
Crypt:3:  david_glass_crypt, layout_misc_corridors, tomb_entry_simple_bobbens,
          amcnicky_mini_corridor_feature
Depths:1: layout_cross, roderic_serpentine_path, hell_entry,
          corexii_hall_statues_t, serial_sigils_hangedman_snap,
          hangedman_summoners_spam
Depths:2: angbandy_vault, layout_cave_pools, nicolae_benzene_ring, pan_entry,
          grunt_hell_entry_dis_mu, hangedman_abyss_entry_splay,
          minmay_misc_feat_more_columns, minmay_shop_grid_forest,
          infiniplex_staircase_diamond
Depths:3: evilmike_cross, layout_gridville, minmay_misc_feat_enclosed,
          abyss_entry_crystal, hangedman_coc_ice_floe
Depths:4: grunt_x_marks_the_spot, layout_cave_pools, enter_ziggurat_b,
          serial_sigils_hangedman_gut, hell_entry, uniq_boris
Zot:1:    layout_onion
Zot:2:    kennysheep_blocky_hall, layout_twisted_circle, st_stairs_8, uniq_grunn
Zot:3:    gammafunk_its_a_trap, layout_basic
Zot:4:    lemuel_draconian_sentries_small, layout_basic
Zot:5:    layout_misc_corridors, uniq_tiamat

Skill      XL: |  1  2  3  4  5  6  7  8  9 10 11 12 13 14 15 16 17 18 19 20 21 22 23 24 25 26 27 |
---------------+----------------------------------------------------------------------------------+-----
Spellcasting   | 3 4 5 6 7 8 9 11 12 13 15 16 17 19 20 | 20.0
Fighting       | 1 2 3 4 5 6 7 8 9 11 13 14 15 17 19 20 | 20.0
Long Blades    | 1 2 4 5 6 7 10 12 17 | 17.8
Shields        | 1 2 8 12 13 15 19 20 21 | 21.9
Dodging        | 3 4 5 6 7 9 10 12 15 16 21 | 21.9
Armour         | 1 2 3 4 5 10 15 18 | 18.8
Evocations     | 5 9 10 15 | 15.0
Stealth        | 4 5 13 | 13.5

Action                     |  1- 3 |  4- 6 |  7- 9 | 10-12 | 13-15 | 16-18 | 19-21 | 22-24 | 25-27 || total
---------------------------+-------+-------+-------+-------+-------+-------+-------+-------+-------++-------
  Melee: Falchion          |       |       |     1 |       |       |       |       |       |       ||     1
         Double sword      |       |       |     1 |       |     1 |       |       |     4 |    13 ||    19
   Cast: Sandblast         |    72 |    38 |    18 |     1 |       |     2 |     7 |       |       ||   138
         Stone Arrow       |       |    18 |    62 |   162 |    90 |    22 |    45 |    11 |    10 ||   420
         Magic Dart        |       |     7 |    27 |    13 |     5 |    12 |       |       |       ||    64
         Poisonous Vapours |       |    11 |    66 |    55 |    74 |    13 |       |       |       ||   219
         Petrify           |       |       |     4 |    12 |    11 |    25 |     1 |     6 |     5 ||    64
         Passwall          |       |       |       |     3 |       |       |       |       |       ||     3
         Iskenderun's Myst |       |       |       |     8 |    33 |    13 |    47 |    49 |   121 ||   271
         Lee's Rapid Decon |       |       |       |       |   425 |   508 |    60 |   119 |   353 ||  1465
         Ozocubu's Refrige |       |       |       |       |       |       |   423 |   447 |   242 ||  1112
         Summon Hydra      |       |       |       |       |       |       |       |    23 |    56 ||    79
         Call Imp          |       |       |       |       |       |       |       |       |     5 ||     5
         Statue Form       |       |       |       |       |       |       |       |       |     4 ||     4
         Death's Door      |       |       |       |       |       |       |       |       |     2 ||     2
         Fire Storm        |       |       |       |       |       |       |       |       |   533 ||   533
 Invoke: Curse Item        |       |       |     3 |     1 |     2 |     3 |     1 |     2 |     5 ||    17
         Shatter the Chain |       |       |       |     1 |       |     2 |     1 |     1 |     4 ||     9
Ability: End Transformatio |       |       |       |       |       |       |       |       |     3 ||     3
  Evoke: Wand              |       |       |       |       |       |       |       |       |     5 ||     5
    Use: Potion            |       |       |       |       |       |     2 |     1 |       |     6 ||     9
         Scroll            |       |       |       |       |       |     1 |     3 |     2 |    14 ||    20
   Stab: Sleeping          |       |       |       |       |       |       |       |       |     1 ||     1
 Armour: Robe              |     5 |     3 |     4 |    10 |       |       |       |       |       ||    22
         Troll leather arm |       |       |       |     4 |     5 |    11 |    13 |    11 |    39 ||    83
  Dodge: Dodged            |    27 |     7 |     7 |    62 |    49 |    57 |    44 |    81 |   141 ||   475
         Repelled          |       |       |       |       |     2 |     7 |     3 |     4 |     7 ||    23
  Block: Buckler           |       |       |       |       |    14 |    23 |       |       |       ||    37
         Kite shield       |       |       |       |       |       |     6 |    68 |    92 |   145 ||   311
         Tower shield      |       |       |       |       |       |       |       |       |    27 ||    27

Table legend: (Time is in decaauts)
 A = Elapsed time spent in this place.
 B = Non-inter-level travel time spent in this place.
 C = Inter-level travel time spent in this place.
 D = Time resting spent in this place.
 E = Time spent auto-exploring this place.
 F = Levels seen in this place.
 G = Mean time per level.
                   A        B        C        D        E       F      G
               +--------+--------+--------+--------+--------+-----+--------+
         Total |  73841 |  58218 |  15623 |   7996 |  27813 |  59 | 1251.5 |
       Dungeon |  20480 |  14470 |   6010 |   1725 |   8774 |  15 | 1365.3 |
        Temple |    164 |    147 |     17 |      0 |    136 |   1 |  164.0 |
          Lair |   7662 |   5696 |   1966 |    701 |   2930 |   5 | 1532.4 |
         Swamp |   3373 |   3027 |    346 |    406 |   1606 |   4 |  843.2 |
     Snake Pit |   5052 |   4143 |    909 |    334 |   2276 |   4 | 1263.0 |
    Slime Pits |   3323 |   2955 |    368 |    528 |   1521 |   5 |  664.6 |
  Orcish Mines |   2440 |   1891 |    549 |    385 |    638 |   2 | 1220.0 |
   Elven Halls |   4183 |   3447 |    736 |    701 |   1156 |   3 | 1394.3 |
        Vaults |  10350 |   7532 |   2818 |    774 |   3392 |   5 | 2070.0 |
         Crypt |   3736 |   3124 |    612 |    374 |   1059 |   3 | 1245.3 |
        Depths |   5142 |   4548 |    594 |    604 |   1812 |   4 | 1285.5 |
           Zot |   6438 |   5744 |    694 |    894 |   2511 |   5 | 1287.6 |
         Trove |     76 |     76 |      0 |      0 |      0 |   1 |   76.0 |
      Ice Cave |   1154 |   1154 |      0 |    497 |      2 |   1 | 1154.0 |
       Volcano |    260 |    260 |      0 |     73 |      0 |   1 |  260.0 |
               +--------+--------+--------+--------+--------+-----+--------+

Top non-repeatable levels by time:
Vaults:2: 2464 daAuts
   Zot:5: 2418 daAuts
Vaults:1: 2331 daAuts
Vaults:5: 2308 daAuts
     D:8: 2244 daAuts
   Elf:3: 2228 daAuts
     D:9: 2223 daAuts
Depths:2: 2027 daAuts
    D:10: 1948 daAuts
    D:14: 1904 daAuts
  Lair:3: 1859 daAuts
  Lair:5: 1794 daAuts
Vaults:4: 1705 daAuts
 Snake:1: 1654 daAuts
  Lair:1: 1562 daAuts
